 Dungeon Crawl Stone Soup version 0.30-a0-297-g0ec75d9ef4 (webtiles) character file.

Game seed: 8913295706747655732

2343 Iusername the Blocker (level 9, -1/75 (81) HPs)
             Began as a Minotaur Fighter on Oct 19, 2022.
             Slain by a death yak (22 damage)
             ... on level 8 of the Dungeon.
             The game lasted 00:09:08 (7838 turns).

Iusername the Blocker (Minotaur Fighter)            Turns: 7838, Time: 00:09:08

HP:   -1/75 (81)    AC: 15    Str: 21 (24) XL:     9   Next: 20%
MP:   8/8           EV:  6    Int:  3 (5)  God:
Gold: 710           SH:  5    Dex:  5 (8)  Spells: 8/8 levels left

rFire   + . .      SeeInvis .    a - +0 war axe
rCold   . . .      Faith    .    c - +0 buckler
rNeg    + . .      Spirit   .    p - +0 plate armour
rPois   +          Reflect  .    (helmet unavailable)
rElec   .          Harm     .    (no cloak)
rCorr   .          Rampage  .    (no gloves)
Will    .....                    l - +0 pair of boots
Stlth   ..........               (no amulet)
HPRegen 0.32/turn                d - ring of Baucer {rPois rF+ rN+ Dex-3}
MPRegen 0.11/turn                t - +4 ring of slaying

@: mesmerised, drained
A: horns 3, retaliatory headbutt, mutation resistance 1
a: no special abilities


You were on level 8 of the Dungeon.
You visited 1 branch of the dungeon, and saw 8 of its levels.

You collected 710 gold pieces.

Inventory:

Hand Weapons
 a - a +0 war axe (weapon)
Missiles
 e - a throwing net (quivered)
Armour
 c - a +0 buckler (worn)
 l - a +0 pair of boots (worn)
 p - a +0 plate armour (worn)
Jewellery
 d - the ring of Baucer (left hand) {rPois rF+ rN+ Dex-3}
   (You acquired it on level 5 of the Dungeon)

   [ring of poison resistance]

   Dex:       It affects your dexterity (-3).
   rF:        It protects you from fire.
   rPois:     It protects you from poison.
   rN:        It protects you from negative energy.
 t - a +4 ring of slaying (right hand)
Wands
 o - a wand of flame (72)
Scrolls
 f - 2 scrolls of vulnerability {unknown}
 g - a scroll of magic mapping
 i - 2 scrolls of blinking
 k - 2 scrolls of poison
 n - a scroll of immolation
 q - a scroll of silence
 r - a scroll of teleportation
 v - a scroll of amnesia {unknown}
 x - 3 scrolls of identify
Potions
 h - a potion of cancellation
 j - a potion of flight
 u - a potion of attraction
 w - a potion of curing


   Skills:
 + Level 8.2 Fighting
 + Level 7.7 Axes
 + Level 8.2 Armour
 + Level 8.3 Shields


You had 8 spell levels left.
You didn't know any spells.
Your spell library contained the following spells:

 Spells                   Type           Power      Damage    Failure   Level
 Apportation              Tloc           0%         N/A       100%        1
 Kiss of Death            Conj/Necr      0%         2d5       100%        1
 Necrotise                Necr           0%         1d4       100%        1
 Summon Small Mammal      Summ           0%         N/A       100%        1
 Cigotuvi's Dreadful Rot  Necr/Pois/Air  0%         N/A       100%        2
 Poisonous Vapours        Pois/Air       0%         N/A       100%        2
 Call Canine Familiar     Summ           0%         N/A       100%        3
 Confusing Touch          Hex            0%         N/A       100%        3
 Mephitic Cloud           Conj/Pois/Air  0%         N/A       100%        3
 Summon Guardian Golem    Hex/Summ       0%         N/A       100%        3
 Dispel Undead            Necr           0%         3d6       100%        4


Dungeon Overview and Level Annotations

Branches:
Dungeon (8/15)             Temple (0/1) D:7
   Lair: D:8-11

Altars:
Ashenzari
Fedhas
Vehumet
Zin

Shops:
D:1 ?   D:5 *   D:6 !

Annotations:
D:8 Maggie


Innate Abilities, Weirdness & Mutations

You have a pair of large horns on your head.
You reflexively headbutt those who attack you in melee.
You are somewhat resistant to further mutation.


Message History

Press: ? - help, Dir - move target You cannot blink away from Maggie!
Blink to where?
Press: ? - help, Dir - move target You cannot blink away from Maggie!
Blink to where?
Press: ? - help, Dir - move target
Okay, then.
Blink to where?
Press: ? - help, Dir - move target You cannot blink away from Maggie!
Blink to where?
Press: ? - help, Dir - move target, f - death yak
Aim: a death yak
Okay, then.
You feel better.
Maggie hits you with a +1 scimitar of flaming!
Maggie burns you.
You hit Maggie but do no damage.
Maggie is heavily wounded.
You slash the death yak! Maggie hits you but does no damage.
The death yak gores you.
You closely miss Maggie.
Maggie is heavily wounded.
You hit the death yak. You closely miss the hell rat. The hell rat bites you!
You partially resist.
You feel drained. The death yak barely misses you.
You slice the death yak!! You headbutt the death yak.
The death yak is moderately wounded.
You hit the death yak. You barely miss the death yak.
You hear a shout!
The death yak closely misses you.
You feel better.
The death yak gores you but does no damage. x2
The death yak gores you!
You feel better.
An orc comes into view. It is wielding a +0 hand axe.
The death yak gores you!!
* * * LOW HITPOINT WARNING * * *
You block the death yak's attack. The death yak gores you!!
You die...

#######
#.....#
#@....#
#YYY.....#
oo@r....#.#
..#.......#
# ...
##.###....
.. #. .####
# #. .# ..


You could see 3 death yaks, Maggie (mesmerising), a hell rat and 2 orcs.

Vanquished Creatures
  A hornet (D:4)
  Sigmund (D:7)
  Edmund (D:7)
  2 water moccasins
  2 ogres
  A sky beast (D:7)
  Blork the orc (D:4)
  A bullfrog (D:6)
  3 scorpions
  4 necrophages
  A howler monkey (D:4)
  3 hounds
  4 orc priests
  6 iguanas
  Ijyb (D:4)
  4 orc wizards
  Terence (D:3)
  Robin (D:4)
  7 adders
  8 gnolls
  3 shadow imps
  2 ufetubi
  4 worms
  2 dart slugs (D:1)
  8 orcs
  5 endoplasms
  4 giant cockroaches (D:2)
  10 hobgoblins
  8 jackals
  11 kobolds
  5 quokkas
  4 ball pythons
  4 bats
  A frilled lizard (D:2)
  15 goblins
  6 rats
145 creatures vanquished.

Notes
Turn   | Place    | Note
-------+----------+-------------------------------------------
     0 | D:1      | Iusername the Minotaur Fighter began the quest for the Orb.
     0 | D:1      | Reached XP level 1. HP: 19/19 MP: 0/0
    50 | D:1      | Found a faded altar of an unknown god.
   294 | D:1      | Reached XP level 2. HP: 27/27 MP: 1/1
   589 | D:1      | Found Gitwaph's Magic Scroll Boutique.
   778 | D:2      | Reached XP level 3. HP: 12/33 MP: 2/2
  1306 | D:2      | Reached XP level 4. HP: 40/40 MP: 3/3
  1713 | D:3      | Identified the +8 dagger of Death's Door {venom, rElec
                  | rPois}
  1724 | D:3      | Found a blossoming altar of Fedhas.
  1862 | D:3      | Noticed Terence
  1867 | D:3      | Killed Terence
  2242 | D:4      | Reached XP level 5. HP: 33/40 MP: 4/4
  2283 | D:4      | Noticed a hornet
  2289 | D:4      | Reached skill level 5 in Shields
  2291 | D:4      | HP: 2/43 [poisoned by a hornet]
  2291 | D:4      | Killed a hornet
  2292 | D:4      | Reached skill level 5 in Fighting
  2292 | D:4      | Reached skill level 5 in Armour
  2292 | D:4      | Reached XP level 6. HP: 2/56 MP: 5/5
  2415 | D:4      | Found a radiant altar of Vehumet.
  2449 | D:4      | Identified the +0 sling of Ymut {speed, rCorr}
  2544 | D:4      | Noticed Blork the orc
  2555 | D:4      | Killed Blork the orc
  2556 | D:4      | Reached skill level 5 in Axes
  2800 | D:4      | Found a broken altar of Ashenzari.
  2860 | D:4      | Reached XP level 7. HP: 61/62 MP: 6/6
  2971 | D:4      | Noticed Ijyb
  2980 | D:4      | Killed Ijyb
  3129 | D:4      | Noticed Robin
  3159 | D:4      | Killed Robin
  3710 | D:5      | Entered Level 5 of the Dungeon
  3871 | D:5      | Found Biqoxom's Assorted Antiques.
  3943 | D:5      | HP: 2/64 [orc/+2 vorpal falchion (4)]
  3944 | D:5      | Reached XP level 8. HP: 2/71 MP: 7/7
  4757 | D:5      | Identified a scroll of acquirement
  4757 | D:5      | Acquired the ring of Baucer {rPois rF+ rN+ Dex-3}
  4977 | D:6      | Found Lefess's Distillery.
  5521 | D:6      | Found a glowing silver altar of Zin.
  6150 | D:7      | Reached XP level 9. HP: 81/81 MP: 8/8
  6542 | D:7      | Found a staircase to the Ecumenical Temple.
  6805 | D:7      | Noticed Edmund
  6806 | D:7      | Noticed Sigmund
  6811 | D:7      | Gained mutation: You have a pair of large horns on your
                  | head. [potion of mutation]
  6811 | D:7      | Gained mutation: You are somewhat resistant to further
                  | mutation. [potion of mutation]
  6817 | D:7      | Killed Edmund
  6831 | D:7      | Killed Sigmund
  7824 | D:8      | Noticed Maggie
  7825 | D:8      | Noticed a death yak
  7827 | D:8      | Noticed a death yak
  7830 | D:8      | Noticed a death yak
  7838 | D:8      | Slain by a death yak

Illustrated notes

Levels and vault maps discovered:
D:1:      lemuel_arrival_cross, layout_basic, serial_shops, shop,
          basic_ecumenical_altar
D:2:      layout_basic, kennysheep_generic_room_4
D:3:      layout_loops_ring, mainiacjoe_overflow_small_starburst, uniq_terence
D:4:      minmay_polygon_palace, layout_gridville, vehumet_altar_wand_db,
          nicolae_ashenzari_panopticon, chequers_decorated_corner, uniq_ijyb,
          uniq_blork_the_orc, uniq_robin
D:5:      layout_rooms, serial_shops, shop_statue, kennysheep_minor_cross
D:6:      layout_rooms, zin_academy, serial_shops, shop
D:7:      layout_basic, minmay_temple_entry_trees, sigmund_edmund_badplayer
D:8:      layout_basic, dpeg_lair_monsters, nzn_ghost_randoct, uniq_pikel,
          uniq_maggie, uniq_joseph, uniq_prince_ribbit1, uniq_grum, uniq_maurice

Skill      XL: |  1  2  3  4  5  6  7  8  9 |
---------------+----------------------------+-----
Fighting       | 4 5 6 7 8 |  8.2
Armour         | 4 5 6 7 8 |  8.2
Shields        | 4 5 6 8 |  8.3
Axes           | 3 4 5 6 7 |  7.7

Action                   |  1- 3 |  4- 6 |  7- 9 || total
-------------------------+-------+-------+-------++-------
Melee: War axe           |    77 |    75 |   207 ||   359
       Headbutt          |     8 |     7 |    32 ||    47
  Use: Potion            |       |     7 |    10 ||    17
       Scroll            |       |     7 |     3 ||    10
Armor: Scale mail        |    44 |    44 |    23 ||   111
       Plate armour      |       |       |    77 ||    77
Dodge: Dodged            |    49 |    48 |    75 ||   172
Block: Buckler           |    30 |    22 |    42 ||    94

Table legend: (Time is in decaauts)
 A = Elapsed time spent in this place.
 B = Non-inter-level travel time spent in this place.
 C = Inter-level travel time spent in this place.
 D = Time resting spent in this place.
 E = Time spent auto-exploring this place.
 F = Levels seen in this place.
 G = Mean time per level.
                   A        B        C        D        E       F      G
               +--------+--------+--------+--------+--------+-----+--------+
         Total |   7951 |   7783 |    168 |   2507 |   4302 |   8 |  993.9 |
       Dungeon |   7951 |   7783 |    168 |   2507 |   4302 |   8 |  993.9 |
               +--------+--------+--------+--------+--------+-----+--------+

Top non-repeatable levels by time:
     D:7: 2111 daAuts
     D:4: 1550 daAuts
     D:5: 1279 daAuts
     D:2: 839 daAuts
     D:6: 750 daAuts
     D:1: 702 daAuts
     D:3: 701 daAuts
     D:8: 15 daAuts
